AoeStats
← geodeta

Pilgrims

508676128Analyzed
4v4 RM · 9d ago on Sep 23, 2026· 44m 24s· 8 players
Game mode
Random Map
Map size
Large (8 player)
Population
200
Speed
Normal
Resources
Standard
Victory
Conquest
Starting age
Dark Age
Ending age
Imperial Age
RankedLock teamsTeams togetherTeam positionsShared explorationLock speedFull tech treeHidden civsTurbo modeCheats
Victory
Defeat
🇲🇪 Japanese · Montenegro
1305
+13
🇲🇪 Varangians · Montenegro
1275
+14
🇲🇪 Georgians · Montenegro
1270
+14
🇲🇪 Vietnamese · Montenegro
1202
+18
🇩🇪 Hindustanis · Germany
1251
-15
🇲🇽 Cumans · Mexico
1245
-15
🇨🇳 Goths · China
1232
-15
🇨🇳 Jurchens · China
1210
-14
Chloroxid
11:36 Feudal Age
10:08 Loom
13:23 Double-Bit Axe
15:55 Castle Age
14:42 Horse Collar
17:00 Bow Saw
17:00 Scale Barding Armor
17:07 Forging
16:49 Fletching
16:59 Padded Archer Armor
29:59 Scale Mail Armor
32:08 Wheelbarrow
37:55 Imperial Age
36:13 Chain Mail Armor
36:09 Bodkin Arrow
37:31 Hand Cart
37:56 Iron Casting
37:54 Masonry
38:13 Stone Mining
38:48 Gold Mining
39:27 Chain Barding Armor
38:45 Heavy Camel Rider
40:46 Blast Furnace
39:50 Husbandry
40:07 Bloodlines
40:04 Heavy Camel Rider
会做梦的懒猪
12:18 Feudal Age
16:22 Castle Age
14:42 Loom
15:34 Wheelbarrow
14:46 Double-Bit Axe
14:47 Fishing Lines
17:45 Bow Saw
21:48 Hand Cart
21:17 Horse Collar
25:06 Heavy Plow
27:23 Stone Mining
27:23 Gold Mining
31:36 Imperial Age
31:55 Pikeman
32:35 Squires
33:06 Anarchy
32:53 Halberdier
33:59 Conscription
34:11 Crop Rotation
34:44 Two-Man Saw
39:20 Stone Shaft Mining
39:16 Elite Huskarl
40:09 Forging
40:00 Scale Mail Armor
41:31 Iron Casting
41:00 Perfusion
mike
4:35 Loom
13:03 Feudal Age
13:37 Fishing Lines
14:02 Fletching
15:02 Double-Bit Axe
15:17 Gold Mining
17:14 Wheelbarrow
20:14 Scale Barding Armor
22:47 Castle Age
21:18 Horse Collar
21:30 Stone Mining
21:59 Forging
23:21 Gillnets
24:04 Bloodlines
24:21 Chain Barding Armor
25:07 Hand Cart
25:33 Capped Ram
28:28 Bow Saw
33:03 Iron Casting
38:28 Imperial Age
35:58 Bodkin Arrow
36:05 Padded Archer Armor
38:32 Elite Steppe Lancer
39:51 Plate Barding Armor
40:17 Blast Furnace
38:39 Pikeman
39:19 Squires
39:26 Cuman Mercenaries
39:34 Steppe Husbandry
40:18 Conscription
40:13 Town Watch
42:58 Gold Shaft Mining
Hakka
4:02 Loom
11:54 Feudal Age
16:37 Castle Age
18:23 Padded Archer Armor
24:49 Leather Archer Armor
32:55 Town Watch
37:01 Imperial Age
40:13 Chemistry
39:11 Murder Holes
Emp
7:03 Loom
10:59 Feudal Age
11:39 Fishing Lines
15:01 Castle Age
13:00 Stone Mining
13:30 Double-Bit Axe
14:29 Fletching
14:28 Town Watch
16:41 Gillnets
17:37 Forging
17:33 Scale Barding Armor
20:26 Bow Saw
23:32 Iron Casting
24:49 Wheelbarrow
24:03 Vendel Legacy
25:51 Chain Barding Armor
25:38 Horse Collar
28:03 Bloodlines
27:54 Husbandry
28:01 Bodkin Arrow
28:31 Hand Cart
29:33 Gold Mining
30:18 Stone Shaft Mining
35:33 Imperial Age
36:37 Conscription
35:52 Cavalier
37:09 Plate Barding Armor
37:41 Blast Furnace
39:05 Stone Shaft Mining
39:06 Gothikon
41:50 Elite Jarl
Bager
8:18 Loom
11:05 Feudal Age
12:07 Double-Bit Axe
12:55 Fishing Lines
20:28 Castle Age
19:26 Gold Mining
21:22 Medium Warships
22:47 Bloodlines
22:37 Husbandry
22:46 Scale Barding Armor
22:52 Forging
23:34 Gillnets
25:01 Horse Collar
26:05 Stone Mining
29:00 Wheelbarrow
31:47 Imperial Age
29:37 Heavy Plow
31:30 Chain Barding Armor
31:47 Iron Casting
32:17 Bow Saw
33:11 Conscription
32:40 Elite Monaspa
34:36 Plate Barding Armor
38:54 Blast Furnace
41:51 Aznauri Cavalry
geodeta
8:00 Loom
13:22 Feudal Age
14:58 Double-Bit Axe
15:29 Horse Collar
18:26 Castle Age
17:02 Fletching
19:52 Bow Saw
19:28 Crossbowman
20:14 Thumb Ring
24:42 Murder Holes
24:59 Masonry
24:30 Treadmill Crane
27:50 Wheelbarrow
31:09 Heavy Plow
34:08 Hand Cart
33:39 Town Watch
35:55 Bodkin Arrow
36:01 Padded Archer Armor
36:36 Ballistics
39:30 Chatras
42:59 Imperial Age
44:14 Bracer
44:29 Leather Archer Armor
43:43 Arbalester
strokac
3:35 Loom
10:25 Feudal Age
11:14 Double-Bit Axe
14:01 Wheelbarrow
17:09 Castle Age
18:07 Bow Saw
18:20 Medium Warships
18:27 Crossbowman
19:16 Fletching
19:26 Padded Archer Armor
19:39 Town Watch
20:09 Hand Cart
20:05 Bodkin Arrow
21:24 Gold Mining
21:45 Thumb Ring
22:02 Ballistics
23:21 Husbandry
25:31 Leather Archer Armor
26:23 Horse Collar
29:12 Heavy Plow
31:57 Imperial Age
31:24 Stone Mining
32:47 Bracer
33:18 Ring Archer Armor
33:18 Parthian Tactics
34:22 Conscription
34:47 Heavy Cavalry Archer
Connection lost

Rejoining the realm…

Still unreachable

The connection could not be restored.

Session expired

The server has moved on; the page needs a fresh start.